PA
PUT-IN-BAY BC @ HAMMOND HERONS
07/17/2021
 
TOP OF THE 1ST
Put-In-Bay BC batting - Pitching for Hammond Herons : RHP Manuel Sánchez
Pitching: RHP Manuel Sánchez
Batting: LHB Arturo Rodríguez 0-0: Called Strike
0-1: Ground out U3 (Groundball, 3S)
Batting: RHB Carlos Trujillo 0-0: Called Strike
0-1: Foul Ball, location: 2F
0-2: Foul Ball, location: 2F
0-2: Strikes out looking
Batting: RHB Quincy van Enk 0-0: Ball
1-0: Called Strike
1-1: SINGLE (Groundball, 34D)
Batting: RHB Alfredo Martínez 0-0: Called Strike
0-1: Swinging Strike
0-2: Strikes out swinging
Top of the 1st over - 0 run(s), 1 hit(s), 0 error(s), 1 left on base; Put-In-Bay 0 - Hammond 0
BOTTOM OF THE 1ST
Hammond Herons batting - Pitching for Put-In-Bay BC : RHP Juan Montoya
Pitching: RHP Juan Montoya
Batting: RHB Miguel Rodríguez 0-0: Ball
1-0: Ball
2-0: Ball
3-0: Foul Ball, location: 2F
3-1: Called Strike
3-2: Strikes out looking
Batting: RHB Jorge Reyes 0-0: Ball
1-0: Called Strike
1-1: Ball
2-1: Swinging Strike
2-2: Ball
3-2: Base on Balls
Batting: RHB António Guzmán 0-0: Foul Ball, location: 2F
0-1: Called Strike
0-2: Ball
Jorge Reyes is caught stealing 2nd base
1-2: Foul Ball, location: 2F
1-2: Foul Ball, location: 2F
1-2: Ball
2-2: Foul Ball, location: 2F
2-2: Strikes out swinging
Bottom of the 1st over - 0 run(s), 0 hit(s), 0 error(s), 0 left on base; Put-In-Bay 0 - Hammond 0
TOP OF THE 2ND
Put-In-Bay BC batting - Pitching for Hammond Herons : RHP Manuel Sánchez
Batting: RHB Rocky Cantrell 0-0: Called Strike
0-1: Ball
1-1: Swinging Strike
1-2: Foul Ball, location: 2F
1-2: Ball
2-2: Ball
3-2: Fly out, F8 (Popup, 4MD)
Batting: RHB Ken Little 0-0: Ball
1-0: Fly out, F3 (Popup, 3SF)
Batting: LHB Felipe Martínez 0-0: Called Strike
0-1: Ball
1-1: Swinging Strike
1-2: Strikes out swinging
Top of the 2nd over - 0 run(s), 0 hit(s), 0 error(s), 0 left on base; Put-In-Bay 0 - Hammond 0
BOTTOM OF THE 2ND
Hammond Herons batting - Pitching for Put-In-Bay BC : RHP Juan Montoya
Batting: LHB Joe Cashmore 0-0: Foul Ball, location: 2F
0-1: Ball
1-1: Foul Ball, location: 2F
1-2: Ball
2-2: Ground out 4-3 (Groundball, 4)
Batting: RHB Matt Love 0-0: Ball
1-0: Called Strike
1-1: Ball
2-1: SINGLE (Groundball, 6D)
Batting: LHB Arturo Acevedo 0-0: Hit by Pitch
Matt Love to second
Batting: RHB Sancho Romero 0-0: Swinging Strike
0-1: Foul Ball, location: 2F
Single, Error in OF, E9, batter to second base
Matt Love scores
Arturo Acevedo to third
Batting: RHB Jimmy Dawson 0-0: Foul Ball, location: 2F
0-1: Ball
1-1: Swinging Strike
1-2: Ball
2-2: Ball
3-2: Fly out, F8 (Flyball, 8LM)
Runner from 3rd tags up, SCORES, no throw
Batting: RHB Scott Zijm 0-0: Ball
1-0: Ball
2-0: Ball
3-0: Called Strike
3-1: Foul Ball, location: 2F
3-2: Strikes out looking
Bottom of the 2nd over - 2 run(s), 2 hit(s), 1 error(s), 1 left on base; Put-In-Bay 0 - Hammond 2
TOP OF THE 3RD
Put-In-Bay BC batting - Pitching for Hammond Herons : RHP Manuel Sánchez
Batting: RHB Félix De La Hoya 0-0: Foul Ball, location: 2F
0-1: Ball
1-1: Swinging Strike
1-2: Ball
2-2: Ball
3-2: Strikes out swinging, 2-3 out at first.
Batting: SHB Dylan Carson 0-0: SINGLE (Groundball, 6MD)
Batting: LHB Arturo Rodríguez 0-0: Ball
1-0: Called Strike
1-1: Ball
2-1: Fly out, F9 (Line Drive, 9M)
Batting: RHB Carlos Trujillo 0-0: Ball
1-0: Fly out, F9 (Flyball, 9S)
Top of the 3rd over - 0 run(s), 1 hit(s), 0 error(s), 1 left on base; Put-In-Bay 0 - Hammond 2
BOTTOM OF THE 3RD
Hammond Herons batting - Pitching for Put-In-Bay BC : RHP Juan Montoya
Batting: RHB Miguel Rodríguez 0-0: Fly out, F4 (Line Drive, 34)
Batting: RHB Jorge Reyes 0-0: Ball
1-0: Foul Ball, location: 2F
1-1: Ball
2-1: Foul Ball, location: 2F
2-2: Strikes out swinging
Batting: RHB António Guzmán 0-0: Ball
1-0: Swinging Strike
1-1: Called Strike
1-2: Strikes out looking
Bottom of the 3rd over - 0 run(s), 0 hit(s), 0 error(s), 0 left on base; Put-In-Bay 0 - Hammond 2
TOP OF THE 4TH
Put-In-Bay BC batting - Pitching for Hammond Herons : RHP Manuel Sánchez
Batting: RHB Quincy van Enk 0-0: Fly out, F8 (Flyball, 8RM)
Batting: RHB Alfredo Martínez 0-0: Called Strike
0-1: Foul Ball, location: 2F
0-2: Hit by Pitch
Batting: RHB Rocky Cantrell 0-0: Ball
1-0: Ball
2-0: Foul Ball, location: 2F
2-1: Ball
3-1: Called Strike
3-2: Base on Balls
Alfredo Martínez to second
Batting: RHB Ken Little 0-0: Ball
1-0: Grounds into double play, 6-4-3 (Groundball, 6)
Top of the 4th over - 0 run(s), 0 hit(s), 0 error(s), 1 left on base; Put-In-Bay 0 - Hammond 2
BOTTOM OF THE 4TH
Hammond Herons batting - Pitching for Put-In-Bay BC : RHP Juan Montoya
Batting: LHB Joe Cashmore 0-0: Ball
1-0: Ball
2-0: Ball
3-0: Base on Balls
Batting: RHB Matt Love 0-0: Called Strike
0-1: Ball
1-1: Grounds into double play, 4-6-3 (Groundball, 4)
Batting: LHB Arturo Acevedo 0-0: Ground out 5-3 (Groundball, 56)
Bottom of the 4th over - 0 run(s), 0 hit(s), 0 error(s), 0 left on base; Put-In-Bay 0 - Hammond 2
TOP OF THE 5TH
Put-In-Bay BC batting - Pitching for Hammond Herons : RHP Manuel Sánchez
Batting: LHB Felipe Martínez 0-0: Ball
1-0: Fly out, F9 (Flyball, 89M)
Batting: RHB Félix De La Hoya 0-0: Ball
1-0: Ball
2-0: Swinging Strike
2-1: Fly out, F6 (Line Drive, 6M)
Batting: SHB Dylan Carson 0-0: Fly out, F6 (Popup, 56D)
Top of the 5th over - 0 run(s), 0 hit(s), 0 error(s), 0 left on base; Put-In-Bay 0 - Hammond 2
BOTTOM OF THE 5TH
Hammond Herons batting - Pitching for Put-In-Bay BC : RHP Juan Montoya
Batting: RHB Sancho Romero 0-0: Called Strike
0-1: Fly out, F4 (Popup, 4D)
Batting: RHB Jimmy Dawson 0-0: Called Strike
0-1: Ball
1-1: Fly out, F9 (Flyball, 9M)
Batting: RHB Scott Zijm 0-0: Ball
1-0: Ball
2-0: Ground out U3 (Groundball, 3S)
Bottom of the 5th over - 0 run(s), 0 hit(s), 0 error(s), 0 left on base; Put-In-Bay 0 - Hammond 2
TOP OF THE 6TH
Put-In-Bay BC batting - Pitching for Hammond Herons : RHP Manuel Sánchez
Batting: LHB Arturo Rodríguez 0-0: Swinging Strike
0-1: SINGLE (Line Drive, 9LS)
Batting: RHB Carlos Trujillo 0-0: Ball
1-0: SINGLE (Groundball, 6D)
Arturo Rodríguez to second
Batting: RHB Quincy van Enk 0-0: Fly out, F7 (Flyball, 7M)
Batting: RHB Alfredo Martínez 0-0: Called Strike
0-1: Foul Ball, location: 2F
0-2: Ball
1-2: Strikes out swinging
Batting: RHB Rocky Cantrell 0-0: Foul Ball, location: 2F
0-1: Ball
1-1: Called Strike
1-2: Ball
2-2: SINGLE (Line Drive, 56)
Arturo Rodríguez to third
Carlos Trujillo to second
Throwing error, E7
Arturo Rodríguez scores
Carlos Trujillo to third
Rocky Cantrell to second
Batting: RHB Ken Little 0-0: Foul Ball, location: 2F
0-1: Swinging Strike
0-2: Foul Ball, location: 2F
0-2: Fly out, F4 (Popup, 34D)
Top of the 6th over - 1 run(s), 3 hit(s), 1 error(s), 2 left on base; Put-In-Bay 1 - Hammond 2
BOTTOM OF THE 6TH
Hammond Herons batting - Pitching for Put-In-Bay BC : RHP Juan Montoya
Batting: RHB Miguel Rodríguez 0-0: Ball
1-0: Called Strike
1-1: SINGLE (Line Drive, 4MD)
Batting: RHB Jorge Reyes 0-0: Bunted foul
0-1: Ball
1-1: Sac Bunt - play at first, batter OUT! 5-4
Miguel Rodríguez to second
Batting: RHB António Guzmán 0-0: Swinging Strike
0-1: Ball
1-1: Ball
2-1: DOUBLE (Flyball, 89D)
Miguel Rodríguez scores
Batting: LHB Joe Cashmore 0-0: Intentional Walk
Batting: RHB Matt Love 0-0: Ball
1-0: Ball
2-0: Called Strike
2-1: Foul Ball, location: 2F
2-2: Foul Ball, location: 2F
2-2: Strikes out swinging
Batting: LHB Arturo Acevedo 0-0: Foul Ball, location: 2F
0-1: Ball
1-1: Ball
2-1: SINGLE (Flyball, 89S)
António Guzmán to third
Joe Cashmore to second
Runner from 3rd tries for Home, SAFE, throw made at trailing runner, OUT at third!
Bottom of the 6th over - 2 run(s), 3 hit(s), 0 error(s), 1 left on base; Put-In-Bay 1 - Hammond 4
TOP OF THE 7TH
Put-In-Bay BC batting - Pitching for Hammond Herons : RHP Manuel Sánchez
Batting: LHB Felipe Martínez 0-0: Called Strike
0-1: Ground out 4-3 (Groundball, 34)
Batting: RHB Félix De La Hoya 0-0: Called Strike
0-1: Ball
1-1: Ground out 5-3 (Groundball, 56)
Batting: SHB Dylan Carson 0-0: Ball
1-0: Called Strike
1-1: Ball
2-1: Ball
3-1: Base on Balls
Batting: LHB Arturo Rodríguez 0-0: Ball
1-0: Called Strike
1-1: Ball
Dylan Carson is caught stealing 2nd base
Top of the 7th over - 0 run(s), 0 hit(s), 0 error(s), 0 left on base; Put-In-Bay 1 - Hammond 4
BOTTOM OF THE 7TH
Hammond Herons batting - Pitching for Put-In-Bay BC : RHP Juan Montoya
Batting: RHB Sancho Romero 0-0: Ball
1-0: Foul Ball, location: 2F
1-1: Fly out, F8 (Line Drive, 8LM)
Batting: RHB Jimmy Dawson 0-0: Swinging Strike
0-1: Ball
1-1: Ball
2-1: Ball
3-1: Base on Balls
Batting: RHB Scott Zijm 0-0: Called Strike
Jimmy Dawson steals 2nd base
0-1: Ball
1-1: Intentional Walk
Batting: RHB Miguel Rodríguez 0-0: Ball
1-0: Swinging Strike
1-1: Fly out, F6 (Line Drive, 6)
Batting: RHB Jorge Reyes 0-0: Swinging Strike
0-1: Ball
1-1: Ball
2-1: Ball
3-1: Swinging Strike
3-2: Foul Ball, location: 2F
3-2: Strikes out looking
Bottom of the 7th over - 0 run(s), 0 hit(s), 0 error(s), 2 left on base; Put-In-Bay 1 - Hammond 4
TOP OF THE 8TH
Put-In-Bay BC batting - Pitching for Hammond Herons : RHP Manuel Sánchez
Batting: LHB Arturo Rodríguez 0-0: Fly out, F9 (Line Drive, 9M)
Batting: RHB Carlos Trujillo 0-0: Called Strike
0-1: Swinging Strike
0-2: Foul Ball, location: 2F
0-2: Strikes out looking
Batting: RHB Quincy van Enk 0-0: Ball
1-0: Ground out 6-3 (Groundball, 6)
Top of the 8th over - 0 run(s), 0 hit(s), 0 error(s), 0 left on base; Put-In-Bay 1 - Hammond 4
BOTTOM OF THE 8TH
Hammond Herons batting - Pitching for Put-In-Bay BC : RHP Juan Montoya
Batting: RHB António Guzmán 0-0: Swinging Strike
0-1: Ball
1-1: SINGLE (Flyball, 4MD)
Batting: LHB Joe Cashmore 0-0: Reached on error, E4 (Groundball, 4)
António Guzmán to second
Batting: RHB Matt Love 0-0: Called Strike
0-1: Fly out, F7 (Flyball, 78M)
Batting: LHB Arturo Acevedo 0-0: Ball
1-0: Ball
2-0: Swinging Strike
2-1: Foul Ball, location: 2F
2-2: Foul Ball, location: 2F
2-2: Ball
3-2: Strikes out swinging
Pitching: RHP Kyle MacRae
Batting: RHB Sancho Romero 0-0: Swinging Strike
0-1: Ball
1-1: Ball
2-1: Ball
3-1: Swinging Strike
3-2: Strikes out looking
Bottom of the 8th over - 0 run(s), 1 hit(s), 1 error(s), 2 left on base; Put-In-Bay 1 - Hammond 4
TOP OF THE 9TH
Put-In-Bay BC batting - Pitching for Hammond Herons : RHP Manuel Sánchez
Pitching: LHP Luis Vega
Batting: RHB Alfredo Martínez 0-0: Fly out, F7 (Flyball, 7D)
Batting: RHB Rocky Cantrell 0-0: Ball
1-0: SINGLE (Line Drive, 7LS)
Batting: RHB Ken Little 0-0: Swinging Strike
0-1: Called Strike
0-2: Ball
1-2: SINGLE (Groundball, 6MD)
Rocky Cantrell to second
Runner from 2nd tries for 3rd, SAFE, no throw or cutoff
Pinch Hitting: RHB Jim Unknown 0-0: Ball
1-0: Ball
2-0: Called Strike
2-1: Ball
3-1: Fly out, F3 (Popup, 23F)
Pinch Hitting: RHB Jim Unknown 0-0: Ground out 3-1 (Groundball, 34)
Top of the 9th over - 0 run(s), 2 hit(s), 0 error(s), 2 left on base; Put-In-Bay 1 - Hammond 4
This league is powered by Out of the Park Baseball, the baseball management simulation game for PC, Mac and Linux
Friday, January 22nd, 2016 - OOTP Baseball 16.9 Build 39